 Dungeon Crawl Stone Soup version 0.22.1-5-g62c59d9 (webtiles) character file.

1140 Tr0llz0r the Chopper (level 8, -3/66 HPs)
             Began as a Demonspawn Gladiator on Jan 8, 2019.
             Was a Believer of Okawaru.
             Slain by Edmund
             ... wielding a +1 dire flail of distortion
              (4 damage)
             ... on level 5 of the Dungeon.
             The game lasted 00:16:25 (4747 turns).

Tr0llz0r the Chopper (Demonspawn Gladiator)         Turns: 4747, Time: 00:16:26

Health: -3/66      AC: 13    Str: 16    XL:     8   Next: 14%
Magic:  8/8        EV:  8    Int: 11    God:    Okawaru [**....]
Gold:   231        SH:  0    Dex: 16    Spells: 7/7 levels left

rFire    . . .     SeeInvis .   a - +3 war axe
rCold    + . .     Gourm    .   (no shield)
rNeg     . . .     Faith    .   i - +2 chain mail {MR+}
rPois    .         Spirit   .   h - +1 helmet
rElec    .         Reflect  .   (no cloak)
rCorr    .         Harm     .   (no gloves)
MR       +....     Clarity  +   (no boots)
Stlth    ..........             (no amulet)
HPRegen  0.21/turn              t - ring of ice
MPRegen  0.11/turn              (no ring)

@: no status effects
A: talons 2, agile 1, clarity, fire resistance 1, robust 1, spiny 1
a: Heroism, Renounce Religion


You were on level 5 of the Dungeon.
You worshipped Okawaru.
Okawaru was pleased with you.
You were not hungry.

You visited 1 branch of the dungeon, and saw 5 of its levels.
You also visited: Sewer.

You collected 231 gold pieces.

Inventory:

Hand Weapons
 a - a +3 war axe (weapon)
Missiles
 d - a throwing net (quivered)
 l - 35 stones
 p - 3 tomahawks
Armour
 c - a +0 helmet
 h - a +1 helmet (worn)
 i - a +2 chain mail of magic resistance (worn)
Jewellery
 t - a ring of ice (left hand)
Wands
 q - a wand of digging (18)
 r - a wand of flame (13)
 u - a wand of disintegration (11)
Scrolls
 b - 4 scrolls of identify
 g - 2 scrolls of amnesia
 m - 3 scrolls of teleportation
 o - 3 scrolls of remove curse
Potions
 e - 2 potions of heal wounds
 f - 4 potions of curing
 j - 4 potions of brilliance
 k - 2 potions of might
 n - 3 potions of agility
Comestibles
 s - a ration


   Skills:
 + Level 4.1 Fighting
 + Level 6.9 Axes
 + Level 1.9 Throwing
 + Level 4.0 Armour
 + Level 3.7 Dodging
 + Level 0.5 Stealth


You had 7 spell levels left.
You didn't know any spells.
Your spell library was empty.

Dungeon Overview and Level Annotations

Branches:
Dungeon (5/15)             Temple (0/1) D:4

Altars:
Okawaru

Annotations:
D:5 Edmund


Innate Abilities, Weirdness & Mutations

You have razor-sharp toenails.
Your flesh is heat resistant. (rF+)
You are partially covered in sharp spines.
You are agile. (Dex +2)
You possess an exceptional clarity of mind.
You are robust. (+10% HP)


Message History

You closely miss Edmund. You claw Edmund.
Edmund is heavily wounded.
Edmund is struck by your spines.
Edmund hits you with a dire flail of distortion!
Space warps horribly around you!
You hit Edmund.
Edmund is severely wounded.
You closely miss the orc. The orc closely misses you.
Edmund hits you but does no damage.
You blink.
The orc hits you but does no damage. The orc is struck by your spines.
The orc hits you but does no damage. Edmund barely misses you.
You slash the orc!
You kill the orc!
Okawaru accepts your kill.
You barely miss Edmund. Edmund hits you but does no damage.
Space warps horribly around you!
* * * LOW HITPOINT WARNING * * *
Edmund hits you but does no damage. Space bends around you.
You die...

..... ##....### '....#..
....#.## #..... .#
#....#####.## +...........#
###.@@.(.#..# #....#.#..#
#####...(..#..#
........####..#
..............+
...........##..#
...###.....##..##### .... ...
#.....##......#.
....#####.####........#......


You could see Edmund.

Vanquished Creatures
  Grinder (D:4)
  A phantom (D:4)
  3 big kobolds (Sewer)
  A howler monkey (D:5)
  A hound (D:4)
  Crazy Yiuf (D:3)
  An orc priest (D:4)
  An iguana (D:2)
  Ijyb (D:4)
  Terence (D:3)
  2 orc wizards
  3 worker ants (D:4)
  Robin (D:2)
  11 adders
  8 river rats (Sewer)
  An ooze (D:4)
  2 worms
  3 dart slugs
  4 leopard geckos
  7 orcs
  2 ball pythons
  7 bats
  9 giant cockroaches
  18 goblins
  14 hobgoblins
  6 jackals
  2 quokkas
  2 frilled lizards
  17 kobolds
  28 rats
159 creatures vanquished.

Notes
Turn   | Place    | Note
-------+----------+-------------------------------------------
     0 | D:1      | Tr0llz0r the Demonspawn Gladiator began the quest for the
                  | Orb.
     0 | D:1      | Reached XP level 1. HP: 16/16 MP: 1/1
     9 | D:1      | Noticed an electric eel
    98 | D:1      | Gained mutation: You are partially covered in sharp spines.
                  | [demonic ancestry]
    98 | D:1      | Reached XP level 2. HP: 19/22 MP: 2/2
   177 | D:1      | Reached skill level 3 in Axes
   514 | D:2      | Gained mutation: You have sharp toenails. [demonic
                  | ancestry]
   514 | D:2      | Reached XP level 3. HP: 22/28 MP: 3/3
   951 | D:2      | Found an iron altar of Okawaru.
   969 | D:2      | Became a worshipper of Warmaster Okawaru
   982 | D:2      | Reached skill level 1 in Armour
   982 | D:2      | Gained mutation: Your flesh is heat resistant. (rF+)
                  | [demonic ancestry]
   982 | D:2      | Reached XP level 4. HP: 31/34 MP: 4/4
   991 | D:2      | Noticed Robin
  1004 | D:2      | Killed Robin
  1275 | D:2      | Found a faded altar of an unknown god.
  1309 | D:2      | Reached skill level 4 in Axes
  1663 | D:3      | Reached XP level 5. HP: 40/40 MP: 5/5
  1664 | D:3      | Found a glowing drain.
  1679 | Sewer    | Entered a sewer
  1988 | Sewer    | Reached XP level 6. HP: 21/47 MP: 6/6
  2579 | Sewer    | Reached * piety under Okawaru
  2585 | Sewer    | Reached skill level 5 in Axes
  3211 | D:3      | Noticed Terence
  3217 | D:3      | Killed Terence
  3217 | D:3      | Reached XP level 7. HP: 52/52 MP: 7/7
  3293 | D:3      | Found a runed door.
  3298 | D:3      | Noticed Crazy Yiuf
  3305 | D:3      | Killed Crazy Yiuf
  4101 | D:4      | Found a staircase to the Ecumenical Temple.
  4108 | D:4      | Reached skill level 6 in Axes
  4119 | D:4      | Noticed Ijyb
  4129 | D:4      | Killed Ijyb
  4207 | D:4      | Reached ** piety under Okawaru
  4404 | D:4      | Noticed Grinder
  4416 | D:4      | Killed Grinder
  4416 | D:4      | Gained mutation: You have razor-sharp toenails. [demonic
                  | ancestry]
  4416 | D:4      | Reached XP level 8. HP: 40/60 MP: 8/8
  4572 | D:4      | Gained mutation: You are robust. (+10% HP) [potion of
                  | mutation]
  4572 | D:4      | Gained mutation: You are agile. (Dex +2) [potion of
                  | mutation]
  4572 | D:4      | Gained mutation: You possess an exceptional clarity of
                  | mind. [potion of mutation]
  4622 | D:5      | Entered Level 5 of the Dungeon
  4734 | D:5      | Noticed Edmund
  4746 | D:5      | HP: 1/66 [Edmund/dire flail of distortion (25)]
  4747 | D:5      | Slain by Edmund

Skill      XL: |  1  2  3  4  5  6  7  8 |
---------------+-------------------------+-----
Axes           | 3 4 5 6 |  6.9
Dodging        | 3 |  3.7
Armour         | 1 2 3 4 |  4.0
Fighting       | 3 4 |  4.1
Throwing       | |  1.9
Stealth        | |  0.5

Action                   |  1- 3 |  4- 6 |  7- 9 || total
-------------------------+-------+-------+-------++-------
Melee: War axe           |    56 |   100 |    98 ||   254
       Kick              |     7 |    20 |    29 ||    56
Throw: Throwing net      |       |     3 |       ||     3
  Use: Scroll            |     6 |     2 |     2 ||    10
       Potion            |     5 |     2 |     3 ||    10
  Eat: Ration            |       |     2 |     2 ||     4
Armor: Leather armour    |    25 |     4 |       ||    29
       Chain mail        |       |    79 |    42 ||   121
Dodge: Dodged            |    48 |    54 |    38 ||   140
